 Dungeon Crawl Stone Soup version 0.31.0-12-g77e489cdc1 (webtiles) character file.

Game seed: 15465241924849604181

179 Doomgape the Covered (level 5, -1/33 HPs)
             Began as a Gargoyle Fighter on Feb 23, 2024.
             Killed by divine providence
             ... invoked by an orc priest
              (12 damage)
             ... on level 3 of the Dungeon.
             The game lasted 00:05:36 (1772 turns).

Doomgape the Covered (Gargoyle Fighter)             Turns: 1772, Time: 00:05:37

Health: -1/33      AC: 13    Str: 22    XL:     5   Next: 59%
Magic:  5/5        EV:  8    Int:  8    God:
Gold:   151        SH:  4    Dex:  9    Spells: 4/4 levels left

rFire   . . .        a - +0 flail
rCold   . . .        c - +0 buckler
rNeg    + . .        o - +0 chain mail
rPois   ∞            (no helmet)
rElec   +            (no cloak)
rCorr   .            (no gloves)
SInv    .            (no boots)
Will    .....        (no amulet) Stlth
                     (no ring)
HPRegen 0.25/turn    (no ring)
MPRegen 0.09/turn

%: no passive effects
@: mighty
A: sickness immunity, AC +4, negative energy resistance 1, electricity
resistance, torment resistance 1, petrification resistance
a: no special abilities


You were on level 3 of the Dungeon.
You visited 1 branch of the dungeon, and saw 3 of its levels.

You collected 151 gold pieces.

Inventory:

Hand Weapons
 a - a +0 flail (weapon)
Missiles
 i - a throwing net (quivered)
 l - 3 javelins
Armour
 c - a +0 buckler (worn)
 o - a +0 chain mail (worn)
Jewellery
 j - a ring of ice
Wands
 e - a wand of flame (19)
Scrolls
 f - a scroll of revelation {unknown}
 k - a scroll of vulnerability {unknown}
Potions
 d - 2 potions of might
 g - 2 potions of curing
 h - a potion of haste {unknown}
 m - 2 potions of resistance {unknown}
 n - a potion of mutation {unknown}


   Skills:
 + Level 4.3 Fighting
 + Level 3.1 Maces & Flails
 + Level 4.4 Armour
 + Level 4.4 Shields


You had 4 spell levels left.
You didn't know any spells.
Your spell library contained the following spells:

 Spells                   Type           Power      Damage    Failure   Level
 Frozen Ramparts          Ice            0%         1d1       100%        3
 Leda's Liquefaction      Alch/Erth      0%         N/A       100%        4
 Petrify                  Alch/Erth      0%         N/A       100%        4
 Metabolic Englaciation   Hex/Ice        0%         N/A       100%        5


Dungeon Overview and Level Annotations

Branches:
Dungeon (3/15)

Altars:

Shops:
D:1 :


Innate Abilities, Weirdness & Mutations

You are immune to sickness and miasma.
Your stone body is resilient. (AC +4)
You are immune to poison.
You resist negative energy. (rN+)
You are resistant to electric shocks. (rElec)
You are resistant to unholy torment.
You are immune to petrification.


Message History

The scorpion is almost dead.
The scorpion stings you.
An orc comes into view. It is wielding a +0 flail.
The orc priest begins to cast a cantrip, but forgets the words!
The scorpion stings you.
The orc shouts!
You hit the scorpion.
You kill the scorpion!
The rat bites you but does no damage.
Your Maces & Flails skill increases to level 3!
You feel very mighty all of a sudden. The rat bites you but does no damage.
You thump the rat!
You kill the rat!
The orc throws a boomerang.
The boomerang hits you but does no damage.
The orc hits you but does no damage.
You see here a scorpion corpse.
You sock the orc!
You kill the orc!
The orc wizard casts a spell.
The orc wizard flickers and vanishes!
Deactivating autopickup; reactivate with Ctrl-A.
The orc priest calls down the wrath of Beogh upon you.
Pain shoots through your body!
The orc priest mumbles some strange prayers to Beogh against you.
Beogh smites you!
Things that are here:
a +0 mace; a boomerang; a +0 ring mail You sock the orc priest!
The orc priest is severely wounded.
The orc priest barely misses you.
You hit the orc priest.
The orc priest is almost dead.
You block the orc priest's attack. The orc priest completely misses you.
You barely miss the orc priest.
The orc priest is almost dead.
The orc priest invokes the aid of Beogh against you.
Beogh smites you!
You die...

####### #.....#
########
####.....#
#{o@†..#
#.........
#.oo####.#
#.##.....# #...#
#.####.##.....#
.#.
#...##.########
#..............
#...##.#######.
##.###># #.
##.###.#######.
###..........†...


You could see an orc priest and 2 orcs.

Vanquished Creatures
  A scorpion (D:3)
  Jessica (D:3)
  Terence (D:2)
  3 dart slugs
  2 orcs (D:3)
  5 ball pythons
  6 bats
  2 endoplasms
  3 giant cockroaches
  8 goblins
  9 hobgoblins
  3 jackals (D:1)
  5 frilled lizards
  3 kobolds
  11 rats
63 creatures vanquished.

Notes
Turn   | Place    | Note
-------+----------+-------------------------------------------
     0 | D:1      | Doomgape the Gargoyle Fighter began the quest for the Orb.
     0 | D:1      | Reached XP level 1. HP: 14/14 MP: 1/1
    31 | D:1      | Found a faded altar of an unknown god.
    74 | D:1      | Reached XP level 2. HP: 19/19 MP: 2/2
    83 | D:1      | Found Lastood's Book Emporium.
   372 | D:1      | Reached XP level 3. HP: 23/23 MP: 3/3
  1167 | D:2      | Reached XP level 4. HP: 29/29 MP: 4/4
  1301 | D:2      | Noticed Terence
  1311 | D:2      | Killed Terence
  1529 | D:3      | Noticed Jessica
  1537 | D:3      | Killed Jessica
  1682 | D:3      | Reached XP level 5. HP: 33/33 MP: 5/5
  1772 | D:3      | Killed from afar by an orc priest

Illustrated notes

Levels and vault maps discovered:
D:1:      minmay_arrival_jagged, layout_basic,
          ebering_ecumenical_altar_sacrificial, serial_shops, shop,
          minmay_pentomino_v4
D:2:      layout_basic, kennysheep_minor_cross, kennysheep_pointless_box,
          uniq_terence
D:3:      layout_loops_ring, grunt_temple_overflow_magic_moments,
          kennysheep_generic_room_14, uniq_jessica

Skill      XL: |  1  2  3  4  5 |
---------------+----------------+-----
Armour         | 4 |  4.4
Shields        | 4 |  4.4
Fighting       | 4 |  4.3
Maces & Flails | 3 |  3.1

Action                     |  1- 3 |  4- 6 || total
---------------------------+-------+-------++-------
  Melee: Flail             |   158 |    65 ||   223
    Use: Potion            |       |     2 ||     2
         Scroll            |       |     1 ||     1
 Armour: Scale mail        |   106 |    52 ||   158
         Chain mail        |       |    13 ||    13
  Dodge: Dodged            |    74 |    39 ||   113
  Block: Buckler           |    34 |    20 ||    54
